 Dungeon Crawl Stone Soup version 0.22.1-6-g1668fe2 (webtiles) character file.

133 Fang the Skirmisher (level 5, -4/49 HPs)
             Began as a Gargoyle Berserker on Jan 22, 2019.
             Was a Believer of Trog.
             Slain by Natasha (5 damage)
             ... on level 2 of the Dungeon on Jan 24, 2019.
             The game lasted 00:04:41 (2042 turns).

Fang the Skirmisher (Gargoyle Berserker)            Turns: 2042, Time: 00:04:43

Health: -4/49      AC:  6    Str: 26    XL:     5   Next: 16%
Magic:  5/5        EV:  8    Int:  8    God:    Trog [**....]
Gold:   99         SH:  3    Dex:  9    Spells: 4/4 levels left

rFire    + . .     SeeInvis .   a - +0 hand axe
rCold    . . .     Gourm    .   (no shield)
rNeg     + . .     Faith    .   b - +0 animal skin
rPois    ∞         Spirit   .   (no helmet)
rElec    +         Reflect  +   (no cloak)
rCorr    .         Harm     .   (no gloves)
MR       .....                  (no boots)
Stlth    ..........             o - +3 amulet of reflection
HPRegen  0.16/turn              j - ring of protection from fire
MPRegen  0.09/turn              k - -4 ring of evasion (curse)

@: berserking (expiring), slowed
A: negative energy resistance 1, electricity resistance, unbreathing,
petrification resistance, rot immunity, AC +4
a: Berserk, Trog's Hand, Renounce Religion


You were on level 2 of the Dungeon.
You worshipped Trog.
Trog was pleased with you.
You were hungry.

You visited 1 branch of the dungeon, and saw 2 of its levels.

You collected 99 gold pieces.

Inventory:

Hand Weapons
 a - a +0 hand axe (weapon)
Armour
 b - a +0 animal skin (worn)
Jewellery
 j - a ring of protection from fire (left hand)
 k - a cursed -4 ring of evasion (right hand)
 o - a +3 amulet of reflection (around neck)
Scrolls
 e - a scroll of enchant armour {unknown}
 f - a scroll of identify {unknown}
 g - a scroll of blinking {unknown}
 h - a scroll of enchant weapon {unknown}
 l - 3 scrolls of fog {unknown}
 p - a scroll of remove curse {unknown}
Potions
 d - a potion of magic {unknown}
 i - a potion of heal wounds {unknown}
 m - a potion of curing
Comestibles
 c - 3 rations
 n - a chunk of flesh


   Skills:
 + Level 4.2 Fighting
 + Level 4.1 Axes
 + Level 2.2 Armour
 + Level 2.2 Dodging
 + Level 0.8 Stealth


You had 4 spell levels left.
You didn't know any spells.
Your spell library was empty.

Dungeon Overview and Level Annotations

Branches:
Dungeon (2/15)

Altars:
Cheibriados

Annotations:
D:2 Natasha


Innate Abilities, Weirdness & Mutations

You are resistant to torment.
Your stone body is resilient. (AC +4)
You are immune to poison.
You resist negative energy. (rN+)
You are resistant to electric shocks. (rElec)
You can survive without breathing.
You are immune to petrification.
You are immune to rotting.


Message History

Unknown command.
You barely miss Natasha.
Natasha is moderately wounded.
You closely miss the crimson imp. The crimson imp barely misses you.
Natasha barely misses you.
Unknown command.
You closely miss Natasha.
Natasha is moderately wounded.
You barely miss the crimson imp. The crimson imp closely misses you.
Natasha mumbles some strange words.
You feel troubled. Natasha casts a spell at you. You resist with some effort.
You closely miss Natasha.
Natasha is moderately wounded.
You closely miss the crimson imp.
The crimson imp hits you but does no damage.
Natasha extends her claws.
Natasha claws you.
You die...

#.#....#..##....#.## #.....
#....###..##....#..# #...##
######..†...........# #...#
#......######....#..###...#
#......######....#...##...#
#......##(.......#.#.##...#
#......##.....####.#..#...#
#......##.....# #........#
#......##.5@..# ####.##.##
#.....###.h...# #.##.#
#..<..# #.....# #..#.#
#.....# #.....# ##.#.#
####### #.....# #.#.#
#.....# #...# ......# #..[#
.....### ##...### #......#


You could see Natasha and a crimson imp.

Vanquished Creatures
  Natasha (twice) (D:2)
  4 adders (D:2)
  A worm (D:2)
  A leopard gecko (D:1)
  2 bats
  5 giant cockroaches
  5 goblins
  5 hobgoblins
  5 jackals (D:1)
  4 kobolds (D:1)
  2 quokkas (D:2)
  4 frilled lizards
  5 rats
45 creatures vanquished.

Notes
Turn   | Place    | Note
-------+----------+-------------------------------------------
     0 | D:1      | Fang the Gargoyle Berserker began the quest for the Orb.
     0 | D:1      | Reached XP level 1. HP: 14/14 MP: 1/1
   152 | D:1      | Reached XP level 2. HP: 15/19 MP: 2/2
   291 | D:1      | Found a snail-covered altar of Cheibriados.
   635 | D:1      | Reached XP level 3. HP: 18/24 MP: 3/3
   770 | D:2      | Reached ** piety under Trog
  1041 | D:2      | Reached XP level 4. HP: 23/29 MP: 4/4
  1071 | D:2      | Noticed Natasha
  1086 | D:2      | Killed Natasha
  1944 | D:2      | Noticed Natasha
  1957 | D:2      | Killed Natasha
  1957 | D:2      | Reached XP level 5. HP: 28/33 MP: 5/5
  2025 | D:2      | Noticed Natasha
  2039 | D:2      | HP: 1/49 [Natasha (3)]
  2042 | D:2      | Slain by Natasha

Skill      XL: |  1  2  3  4 |
---------------+-------------+-----
Axes           | 3 4 |  4.1
Fighting       | 4 |  4.2
Dodging        | 2 |  2.2
Armour         | |  2.2
Stealth        | |  0.8

Action                   |  1- 3 |  4- 6 || total
-------------------------+-------+-------++-------
Melee: Hand axe          |   139 |    83 ||   222
Invok: Berserk           |       |     2 ||     2
 Stab: Sleeping          |       |     1 ||     1
  Eat: Chunk             |       |     5 ||     5
Armor: Animal skin       |    49 |    34 ||    83
Dodge: Dodged            |    91 |    47 ||   138
Block: Other             |       |     4 ||     4
